 Dungeon Crawl Stone Soup version 0.19.5 (webtiles) character file.

99 LORDOFBUTT the Shield-Bearer (level 5, -1/41 HPs)
             Began as a Formicid Fighter on Mar 21, 2017.
             Slain by a worm (5 damage)
             ... on level 3 of the Dungeon.
             The game lasted 00:01:37 (1303 turns).

LORDOFBUTT the Shield-Bearer (Formicid Fighter)     Turns: 1303, Time: 00:01:38

Health: -1/41      AC:  6    Str: 21    XL:     5   Next: 2%
Magic:  5/5        EV:  8    Int:  7    God:
Gold:   101        SH: 13    Dex: 11    Spells: 0 memorised, 4 levels left

rFire  + . .     SeeInvis +     a - +0 war axe
rCold  x . .     Gourm    .     b - +0 scale mail
rNeg   . . .     Faith    .     c - +3 shield
rPois  .         Spirit   .     (helmet unavailable)
rElec  .         Reflect  .     (no cloak)
rCorr  .         Harm     .     (no gloves)
MR     .....                    (no boots)
Stlth  ..........               (no amulet)
                                (no ring)
                                r - ring of fire

@: no status effects
A: permanent stasis, dig shafts and tunnels, four strong arms, antennae 3
a: Dig, Shaft Self


You were on level 3 of the Dungeon.
You were not hungry.

You visited 1 branch of the dungeon, and saw 3 of its levels.

You collected 101 gold pieces.

Inventory:

Hand Weapons
 a - a +0 war axe (weapon)
Armour
 b - a +0 scale mail (worn)
 c - a +3 shield (worn)
Jewellery
 r - a ring of fire (left hand)
Scrolls
 e - 4 scrolls of identify
 k - a scroll of remove curse {unknown}
 o - 2 scrolls of teleportation
Potions
 d - a potion of might
 h - a potion of agility {unknown}
 i - 2 potions of curing
 j - a potion of degeneration {unknown}
 l - a potion of flight {unknown}
 n - a potion of experience {unknown}
 q - a potion of brilliance {unknown}
Comestibles
 f - 2 bread rations
 g - 5 chunks of flesh
 m - a beef jerky
 p - a royal jelly
 s - a meat ration


   Skills:
 - Level 3.2 Fighting
 + Level 3.1 Axes
 - Level 3.2 Armour
 * Level 5.6 Shields


You had 4 spell levels left.
You didn't know any spells.

Dungeon Overview and Level Annotations

Branches:
Dungeon (3/15)

Altars:


Innate Abilities, Weirdness & Mutations

You are under a permanent stasis effect.
You can dig through walls and to a lower floor.
Your four strong arms can wield two-handed weapons with a shield.
You have a pair of large antennae on your head. (SInv)


Message History

* * * LOW HITPOINT WARNING * * *
Your unstable footing causes you to fumble your attack.
The walls and floor vibrate strangely for a moment.
You block the river rat's attack.
Your unstable footing causes you to fumble your attack.
You block the river rat's attack. The river rat barely misses you.
You slash the river rat!
You kill the river rat!
You have reached level 5!
A worm comes into view.
You block the worm's attack.
A rat and a river rat come into view.
The worm splashes around in the water.
Your unstable footing causes you to fumble your attack.
The river rat bites you.
* * * LOW HITPOINT WARNING * * *
The worm barely misses you.
You barely miss the river rat. You hit the worm but do no damage.
The river rat barely misses you. The worm bites you.
You die...

#.......#
#......'...
#.......#
#(.....###.
####..###
######## #.
#..###########
#.
#............#
#.
#.>..........#
#.
#####....###.#
#.
##≈######≈###
#. #≈@rr≈≈≈≈≈
#. #≈≈w####≈≈
#. ##≈## #.
#≈# ######.
#≈# +...##.
##≈## {
####.### #≈≈≈#
{ #.......
#≈≈≈# {
#.######
##≈###### ##.#


You could see a worm, a river rat and a rat.

Vanquished Creatures
  3 adders (D:3)
  A river rat (D:3)
  2 oozes
  A dart slug (D:1)
  A leopard gecko (D:1)
  An orc (D:3)
  4 giant cockroaches
  4 goblins
  3 hobgoblins (D:1)
  11 jackals
  2 kobolds (D:1)
  2 quokkas
  A ball python (D:3)
  4 bats (D:1)
  A frilled lizard (D:2)
  5 rats (D:1)
46 creatures vanquished.

Notes
Turn   | Place    | Note
-------+----------+-------------------------------------------
     0 | D:1      | LORDOFBUTT the Formicid Fighter began the quest for the Orb.
     0 | D:1      | Reached XP level 1. HP: 18/18 MP: 1/1
    35 | D:1      | Reached skill level 4 in Shields
    40 | D:1      | Reached XP level 2. HP: 19/24 MP: 2/2
   213 | D:1      | Reached XP level 3. HP: 22/29 MP: 3/3
   823 | D:3      | Reached XP level 4. HP: 35/35 MP: 4/4
   830 | D:3      | Reached skill level 5 in Shields
  1294 | D:3      | Reached XP level 5. HP: 4/41 MP: 5/5
  1303 | D:3      | Slain by a worm

Skill      XL: |  1  2  3  4 |
---------------+-------------+-----
Shields        | 4 5 |  5.6
Axes           | 3 |  3.1
Fighting       | |  3.2
Armour         | |  3.2

Action                   |  1- 3 |  4- 6 || total
-------------------------+-------+-------++-------
Melee: War axe           |    95 |    89 ||   184
  Use: Scroll            |     7 |       ||     7
       Potion            |       |     1 ||     1
  Eat: Chunk             |       |     2 ||     2
Armor: Scale mail        |    44 |    26 ||    70
Dodge: Dodged            |    42 |    24 ||    66
Block: Shield            |    49 |    66 ||   115
